 Dungeon Crawl Stone Soup version 0.18.1-8-gdd0e5ea (webtiles) character file.

592 Chiseanne the Ducker (level 7, 0/36 HPs)
             Began as a Spriggan Hunter on May 21, 2016.
             Killed by divine providence
             ... invoked by an orc priest
              (8 damage)
             ... on level 4 of the Dungeon.
             The game lasted 00:12:03 (4923 turns).

Chiseanne the Ducker (Spriggan Hunter)              Turns: 4923, Time: 00:12:04

Health: 0/36       AC:  3    Str:  7 (8)  XL:     7   Next: 16%
Magic:  8/8        EV: 23    Int: 10 (13) God:
Gold:   130        SH:  0    Dex: 17 (18) Spells: 0 memorised, 6 levels left

rFire  . . .     SeeInvis +     a - +2 dagger (venom)
rCold  . . .     Gourm    .     c - +0 robe
rNeg   . . .     Faith    .     (shield restricted)
rPois  .         Spirit   .     (helmet restricted)
rElec  .         Dismiss  .     p - +0 cloak
rCorr  .         Reflect  .     (gloves unavailable)
SustAt .         Harm     .     (boots unavailable)
MR     +....                    (no amulet)
Stlth  +++.......               (no ring)
                                (no ring)

@: very quick, somewhat resistant to hostile enchantments, fairly stealthy
A: unfitting armour, see invisible, herbivore 3, speed 3, slow metabolism 2
a: no special abilities


You were on level 4 of the Dungeon.
You were not hungry.

You visited 1 branch of the dungeon, and saw 4 of its levels.
You also visited: Sewer.

You collected 130 gold pieces.

Inventory:

Hand Weapons
 a - a +2 dagger of venom (weapon)
 s - a +3 quarterstaff of chaos
 w - a +2 hunting sling
Missiles
 e - 132 stones (quivered)
 l - 40 arrows
 m - 10 tomahawks
Armour
 c - a +0 robe (worn)
 p - a +0 cloak (worn)
Scrolls
 d - a scroll of amnesia
 g - a scroll of blinking
 h - a scroll of identify
 i - a scroll of remove curse
 n - 5 scrolls of teleportation
Potions
 b - a potion of magic
 k - a potion of curing
 t - a potion of heal wounds
Comestibles
 f - 5 bread rations


   Skills:
 * Level 3.5 Fighting
 * Level 6.7 Slings
 * Level 7.3 Dodging
 + Level 4.2 Stealth


You had 6 spell levels left.
You didn't know any spells.

Dungeon Overview and Level Annotations

Branches:
Dungeon (4/15)
 Temple: D:4-7

Altars:
Fedhas
Nemelex Xobeh


Innate Abilities, Weirdness & Mutations

You are tiny and cannot use many weapons and most armour.
You have supernaturally acute eyesight.
You are a herbivore.
You cover ground extremely quickly.
You need consume almost no food.


Message History

The orc priest is moderately wounded.
The orc priest calls down the wrath of Beogh upon you.
Beogh smites you!
You hit the orc priest but do no damage.
The orc priest is moderately wounded.
The orc priest misses you.
An orc comes into view. It is wielding a club.
You closely miss the orc priest.
The orc priest is heavily wounded.
An orc wizard comes into view. It is wielding a dagger.
The orc wizard mumbles some strange words.
The orc wizard blinks!
The orc wizard points at you and mumbles some strange words.
The puff of flame hits you! The orc wizard casts a spell at you.
The puff of flame hits you!
* * * LOW HITPOINT WARNING * * *
The orc priest mumbles some strange prayers to Beogh against you.
Beogh smites you!
You die...

#..((o.##.......#######
#(.....##.............##
#....o.......##........#
###(.......###########.#<.
................. #######
###......######## ##÷≈≈≈.≈
#.....[# #.######
#......##########≈##≈≈≈≈
#......@.....)))#≈#≈###≈
###############.#≈#≈#.#≈
#.#.#≈#≈#. #.#≈#≈##≈#
#.#≈#.#### #.#≈##≈.≈≈
#.##.##### #..†.# ######


You could see an orc priest.

Vanquished Creatures
  4 orc priests
  Crazy Yiuf (D:3)
  2 iguanas (D:4)
  A worker ant (D:4)
  5 orc wizards
  9 adders
  An ooze (D:3)
  2 worms (D:3)
  6 dart slugs
  6 giant geckos
  17 orcs (D:3)
  8 ball pythons
  4 giant cockroaches
  4 goblins
  8 hobgoblins
  17 jackals
  12 kobolds
  3 quokkas (D:2)
  6 bats
  4 giant newts
  7 rats
  3 plants (Sewer)
130 creatures vanquished.

Notes
Turn   | Place    | Note
--------------------------------------------------------------
     0 | D:1      | Chiseanne the Spriggan Hunter began the quest for the Orb.
     0 | D:1      | Reached XP level 1. HP: 10/10 MP: 2/2
    85 | D:1      | Reached skill level 5 in Slings
    85 | D:1      | Reached XP level 2. HP: 15/15 MP: 3/3
   621 | D:2      | Found a sparkling altar of Nemelex Xobeh.
   720 | D:2      | Reached XP level 3. HP: 18/18 MP: 4/4
   968 | D:2      | Reached skill level 4 in Dodging
  1271 | D:2      | Reached XP level 4. HP: 23/23 MP: 5/5
  1577 | D:3      | Reached skill level 5 in Dodging
  1705 | D:3      | Reached XP level 5. HP: 7/27 MP: 6/6
  1966 | D:3      | Noticed Crazy Yiuf
  2013 | D:3      | Killed Crazy Yiuf
  2510 | D:3      | Reached XP level 6. HP: 18/32 MP: 7/7
  3085 | D:4      | Found a blossoming altar of Fedhas.
  3091 | D:3      | Reached skill level 6 in Dodging
  3700 | D:4      | Found a glowing drain.
  3704 | Sewer    | Entered a sewer
  4325 | D:4      | Reached skill level 7 in Dodging
  4483 | D:4      | Reached XP level 7. HP: 24/36 MP: 8/8
  4923 | D:4      | Killed from afar by an orc priest

Skill      XL: |  1  2  3  4  5  6 |
---------------+-------------------+-----
Slings         | 5 6 |  6.7
Stealth        | 2 3 4 |  4.2
Fighting       | 2 3 |  3.5
Dodging        | 4 5 7 |  7.3

Action                   |  1- 3 |  4- 6 |  7- 9 || total
-------------------------+-------+-------+-------++-------
Melee: Short sword       |     5 |       |       ||     5
       Quarterstaff      |       |    92 |       ||    92
       Dagger            |       |    23 |    18 ||    41
 Fire: Hunting sling     |    64 |   259 |    10 ||   333
Throw: Stone             |    38 |       |       ||    38
  Use: Scroll            |     8 |       |       ||     8
       Potion            |     6 |     2 |       ||     8
 Stab: Sleeping          |       |     2 |       ||     2
  Eat: Fruit             |       |     2 |       ||     2
       Pizza             |       |     2 |       ||     2
Armor: Skin              |    21 |       |       ||    21
       Robe              |       |     9 |     1 ||    10
Dodge: Dodged            |    26 |   140 |    14 ||   180
